AoeStats
← amityy

Black Forest

509811795Analyzed
2v2 RM · 4d ago on Sep 28, 2026· 50m 42s· 4 players
Game mode
Random Map
Map size
Medium (4 player)
Population
200
Speed
Normal
Resources
Standard
Victory
Conquest
Starting age
Dark Age
Ending age
Imperial Age
RankedLock teamsTeams togetherTeam positionsShared explorationLock speedFull tech treeHidden civsTurbo modeCheats
Victory
Defeat
900
+15
🇹🇼 Turks · Taiwan
894
+15
🇺🇸 Georgians · United States
969
-23
🇺🇸 Tatars · United States
785
-11
amityy
0:41 Loom
11:44 Feudal Age
15:40 Castle Age
13:40 Double-Bit Axe
13:59 Horse Collar
17:45 Bow Saw
21:26 Heavy Plow
23:23 Wheelbarrow
24:49 Fletching
25:39 Bodkin Arrow
26:07 Hand Cart
25:46 Guard Tower
29:44 Imperial Age
27:36 Masonry
28:58 Scale Barding Armor
29:04 Forging
30:05 Chain Barding Armor
29:51 Gold Mining
30:24 Bloodlines
30:15 Husbandry
31:50 Cavalier
33:43 Iron Casting
33:45 Plate Barding Armor
33:40 Ballistics
34:29 Chemistry
34:33 Iron Casting
33:37 Light Cavalry
36:14 Siege Engineers
38:20 Onager
41:14 Blast Furnace
40:10 Onager
50:06 Siege Onager
crustytots409
11:55 Feudal Age
16:41 Castle Age
17:42 Scale Barding Armor
17:28 Double-Bit Axe
19:55 Scale Mail Armor
19:48 Light Cavalry
22:30 Bow Saw
23:19 Loom
28:44 Chain Barding Armor
37:26 Padded Archer Armor
drip_trpz #Grandma Peek
1:42 Loom
10:42 Feudal Age
16:17 Castle Age
23:06 Double-Bit Axe
24:01 Wheelbarrow
28:58 Fletching
29:08 Padded Archer Armor
29:20 Forging
33:03 Imperial Age
30:49 Hand Cart
30:28 Gold Mining
34:07 Elite Genoese Crossbowman
35:08 Silk Road
34:58 Pirotechnia
35:14 Conscription
37:59 Thumb Ring
37:57 Onager
38:59 Husbandry
39:09 Bloodlines
38:20 Cavalier
39:34 Pikeman
41:42 Chemistry
41:03 Ballistics
44:18 Bodkin Arrow
44:33 Scale Barding Armor
45:04 Iron Casting
44:40 Caravan
45:01 Light Cavalry
46:43 Hussar
49:34 Chain Barding Armor
50:15 Blast Furnace
billzz0982
11:58 Feudal Age
17:13 Castle Age
15:01 Double-Bit Axe
22:37 Imperial Age
20:27 Gold Mining
22:10 Fletching
22:57 Padded Archer Armor
23:34 Bodkin Arrow
30:10 Bracer
33:36 Leather Archer Armor
38:09 Loom
Connection lost

Rejoining the realm…

Still unreachable

The connection could not be restored.

Session expired

The server has moved on; the page needs a fresh start.